 Dungeon Crawl Stone Soup version 0.19-a0-1111-gcceb26a (webtiles) character file.

13713917 arn the Intangible (level 27, 224/224 HPs)
             Began as a High Elf Warper on Aug 7, 2016.
             Was the Champion of Makhleb.
             Escaped with the Orb
             ... and 15 runes on Aug 11, 2016!
             The game lasted 09:42:02 (116586 turns).

arn the Intangible (High Elf Warper)              Turns: 116586, Time: 09:42:03

Health: 224/224    AC: 42    Str: 14    XL:     27
Magic:  41/41      EV: 32    Int: 22    God:    Makhleb [******]
Gold:   8264       SH:  0    Dex: 26    Spells: 12 memorised, 10 levels left

rFire  + + .     SeeInvis +     c - +9 triple sword (holy)
rCold  + + +     Gourm    .     K - +9 ice dragon armour
rNeg   + + +     Faith    .     (shield currently unavailable)
rPois  .         Spirit   .     Q - +1 helmet {SInv}
rElec  .         Dismiss  .     O - +2 cloak of Parlour Games {MR+ Str+3 Int+3}
rCorr  +         Reflect  .     y - +0 pair of fencer's gloves {+Riposte Dex+6}
SustAt .         Harm     .     h - +2 pair of boots {run}
MR     +++..                    H - amulet "Hisedom" {rC+ Regen+}
Stlth  ..........               x - ring of protection from magic
                                b - ring "Byhue" {rCorr rF+++ rN+++ MR- Int-2}

@: very slightly contaminated, quick
A: clumsy 1, deterioration 2, dopey 1, mutation resistance 1, weak 1, sturdy
frame 1
a: Minor Destruction, Lesser Servant of Makhleb, Major Destruction, Greater
Servant of Makhleb, Renounce Religion
0: Orb of Zot
}: 15/15 runes: barnacled, slimy, silver, golden, iron, obsidian, icy, bone,
abyssal, demonic, glowing, magical, fiery, dark, gossamer


You escaped.
You worshipped Makhleb.
Makhleb was exalted by your worship.
You were not hungry.

You visited 18 branches of the dungeon, and saw 90 of its levels.
You visited Pandemonium 1 time, and saw 35 of its levels.
You visited the Abyss 1 time.
You visited 1 ziggurat, and saw 18 of its levels.
You also visited: Trove and Ossuary.

You collected 15965 gold pieces.
You spent 7701 gold pieces at shops.

Inventory:

Hand Weapons
 c - a +9 triple sword of holy wrath (weapon)
 m - the +6 sword of Cerebov {flame}
   (You took it off Cerebov in Pandemonium)

   It has been specially enchanted to burn those struck by it, causing extra
   injury to most foes and up to half again as much damage against particularly
   susceptible opponents.
   Big, fiery blades are also staple armaments of hydra-hunters.
Armour
 h - a +2 pair of boots of running (worn)
 v - the +3 pair of gloves of the Bulwark {Regen+ Str+5}
   (Okawaru gifted it to you on level 5 of the Depths)

   It affects your strength (+5).
   It increases your rate of regeneration.
 y - the +0 pair of fencer's gloves (worn) {+Riposte Dex+6}
   (You found it on level 11 of a ziggurat)

   It affects your dexterity (+6).
 K - a +9 ice dragon armour (worn)
 O - the +2 cloak of Parlour Games (worn) {MR+ Str+3 Int+3}
   (You found it on level 12 of a ziggurat)

   It affects your strength (+3).
   It affects your intelligence (+3).
   It affects your resistance to hostile enchantments.
 Q - a +1 helmet of see invisible (worn)
 V - the +2 hat of Orthodoxy {rN++ Slay+3 Stlth-}
   (You found it on level 6 of a ziggurat)

   It affects your accuracy and damage with ranged weapons and melee attacks
   (+3).
   It greatly protects you from negative energy.
   It makes you less stealthy.
Rods
 D - a +2 rod of ignition (13/13)
   (You found it in a treasure trove)
 P - a +6 rod of shadows (16/16)
   (You found it in Pandemonium)
 S - a +7 rod of clouds (13/13)
   (You bought it in a shop on level 9 of the Dungeon)
Jewellery
 b - the ring "Byhue" (left hand) {rCorr rF+++ rN+++ MR- Int-2}
   (You found it on level 1 of the Shoals)

   [ring of resist corrosion]

   It affects your intelligence (-2).
   It renders you almost immune to fire.
   It renders you almost immune to negative energy.
   It affects your resistance to hostile enchantments.
 e - the amulet of the Cicada {+Rage rElec Dex+3}
   (You found it on level 3 of the Tomb of the Ancients)

   [amulet of rage]

   It affects your dexterity (+3).
   It insulates you from electricity.
   It lets you go berserk.
 r - the ring "Lulog" {SustAt Str+2 Dex+4}
   (You found it on level 11 of a ziggurat)

   [ring of sustain attributes]

   It sustains your strength, intelligence and dexterity.
   It affects your strength (+2).
   It affects your dexterity (+4).
 x - a ring of protection from magic (right hand)
 C - an uncursed ring of flight
 H - the amulet "Hisedom" (around neck) {rC+ Regen+}
   (You found it on level 3 of a ziggurat)

   [amulet of regeneration]

   It protects you from cold.
   It increases your rate of regeneration.
 J - the ring of Pride {+Blink rPois Str+4 Slay+2}
   (You found it on level 16 of a ziggurat)

   [ring of strength]

   It affects your strength (+4).
   It affects your accuracy and damage with ranged weapons and melee attacks
   (+2).
   It protects you from poison.
   It lets you blink.
 M - the ring of Porut {rC+ Str+3 Dex+2 Slay+3 Stlth+}
   (You found it on level 13 of a ziggurat)

   [ring of stealth]

   It affects your strength (+3).
   It affects your dexterity (+2).
   It affects your accuracy and damage with ranged weapons and melee attacks
   (+3).
   It protects you from cold.
   It makes you more stealthy.
 R - the ring "Arovvecw" {rElec MR- MP+9 Int+7 SInv}
   (You found it on level 5 of the Pits of Slime)

   [ring of see invisible]

   It affects your intelligence (+7).
   It insulates you from electricity.
   It affects your resistance to hostile enchantments.
   It affects your magic capacity (+9).
   It lets you see invisible.
 Z - the ring of Tegodihu {rF+ rC++}
   (You took it off Dispater on level 7 of the Iron City of Dis)

   [ring of protection from fire]

   It protects you from fire.
   It greatly protects you from cold.
Wands
 l - a wand of digging (7/24)
 t - a wand of teleportation (1/9)
 A - a wand of heal wounds (5/9)
Scrolls
 g - 43 scrolls of remove curse
 i - 11 scrolls of recharging
 n - 19 scrolls of identify
 p - 10 scrolls of teleportation
 u - 5 scrolls of summoning
 F - 5 scrolls of magic mapping
 U - 12 scrolls of fog
 X - 3 scrolls of silence
 Y - 5 scrolls of blinking
Potions
 a - 3 potions of resistance
 d - 6 potions of heal wounds
 j - 5 potions of ambrosia
 s - 10 potions of curing
 z - 3 potions of cure mutation
 B - 3 potions of haste
 E - 6 potions of might
 G - 9 potions of agility
Miscellaneous
 o - a disc of storms
 q - the horn of Geryon
 w - 6 phantom mirrors
 I - 6 sacks of spiders
 T - a fan of gales
 W - a lamp of fire
Comestibles
 f - 7 bread rations
 k - 17 meat rations
 L - 32 fruits
 N - 15 slices of pizza


   Skills:
 O Level 27 Fighting
 + Level 26.3 Long Blades
 - Level 1.0 Throwing
 + Level 26.0 Armour
 O Level 27 Dodging
   Level 4.3 Shields
 - Level 10.0 Spellcasting
 - Level 16.9 Charms
 - Level 25.6 Translocations
 - Level 5.0 Air Magic
 - Level 14.9 Invocations
 O Level 27 Evocations


You had 10 spell levels left.
You knew the following spells:

 Your Spells              Type           Power        Failure   Level  Hunger
a - Apportation           Tloc           #######...   0%          1    None
b - Blink                 Tloc           N/A          0%          2    None
c - Shroud of Golubria    Chrm/Tloc      #######...   0%          2    None
d - Passage of Golubria   Tloc           N/A          0%          4    ##.....
e - Haste                 Chrm           ######..     1%          6    ######.
f - Repel Missiles        Chrm/Air       ######       1%          2    None
g - Regeneration          Chrm/Necr      #####.....   1%          3    None
h - Swiftness             Chrm/Air       ######..     1%          2    None
i - Infusion              Chrm           ####         0%          1    None
j - Song of Slaying       Chrm           ######..     0%          2    None
k - Spectral Weapon       Hex/Chrm       #####...     1%          3    None
l - Controlled Blink      Tloc           N/A          2%          8    #######


Dungeon Overview and Level Annotations

Branches:
Dungeon (15/15)            Temple (1/1) D:4            Lair (6/6) D:10
 Shoals (4/4) Lair:2       Spider (4/4) Lair:3        Slime (5/5) Lair:5
    Orc (2/2) D:10            Elf (3/3) Orc:2        Vaults (5/5) D:13
  Crypt (3/3) Vaults:3       Tomb (3/3) Crypt:3      Depths (5/5) D:15
   Hell (1/1)                 Dis (7/7) Hell            Geh (7/7) Hell
    Coc (7/7) Hell            Tar (7/7) Hell            Zot (5/5) Depths:5

Altars:
Ashenzari
Cheibriados
Dithmenos
Elyvilon
Fedhas
Gozag
Hepliaklqana
Kikubaaqudgha
Makhleb
Nemelex Xobeh
Okawaru
Pakellas
Qazlal
Ru
Sif Muna
Trog
Uskayaw
Vehumet
Xom
Yredelemnul
Zin
The Shining One
Beogh

Shops:
D:5 %   D:6 !   D:9 }   D:10 [   D:13 (   Orc:2 !*%[   Shoals:2 }   Vaults:2 ?
Depths:1 *:   Depths:4 =}}   Depths:5 ?

Portals:
Hell: Depths:1 Depths:2 Depths:3 Depths:4 Depths:5
Abyss: Depths:3 Depths:4
Pandemonium: Depths:3

Annotations:
D:2 1 runed door, Terence
D:4 Foodahn's ghost, amateur MiFi
D:9 2 exclusions
Lair:5 exclusion: hydra
Slime:5 HenryFlower's ghost, legendary MiBe
Dis:7 Serpent of
Hell
Coc:7 exclusion: 2 ice statues


Innate Abilities, Weirdness & Mutations

You are clumsy. (Dex -2)
Your body often deteriorates upon taking damage.
You are dopey. (Int -2)
You are somewhat resistant to further mutation.
You are weak. (Str -2)
Your movements are slightly less encumbered by armour. (ER -2)


Message History

(N) Spider Nest (M) Slime Pits (O) Orcish Mines (E) Elven Halls (V) Vaults (C) Crypt (W) Tomb (U) Depths (H) Hell (I) Dis (G) Gehenna (X) Cocytus (Y) Tartarus (Z) Zot
Where to? (Enter - D:1, ? - help)
There is a stone staircase leading up here.
You climb upwards.
There is a stone staircase leading down here.
There is a stone staircase leading up here.
You climb upwards.
Level annotation: 1 runed door, Terence
There is a stone staircase leading down here.
You see here a ring mail.
There is a stone staircase leading up here.
You climb upwards.
There is a stone staircase leading down here.
A soul eater and a large abomination come into view.
There is a fountain of clear blue water here.
There is a staircase leading out of the dungeon here.
You have escaped!

#..#≈≈≈#..#
#..#≈≈≈#..#
#..#≈1;#3.#
#..#####..#
#.........#
#...⌠.⌠...#
#.8.....8.#####
#.........#...#
#....@....###.#
#.........# #.#
#.8.....8.# #.#
#.........###.########
#...⌠.⌠...#...........
#.........###.########
###########...# #####


You could see an Ice Fiend, a soul eater and an electric eel.

Vanquished Creatures
  Cerebov (Pan)
  Asmodeus (Geh:7)
  the Royal Jelly (Slime:5)
  Ereshkigal (Tar:7)
  Gloorx Vloq (Pan)
  Lom Lobon (Pan)
  Mnoleg (Pan)
  Dispater (Dis:7)
  5 orbs of fire (Zot:5)
  Mennas (Crypt:2)
  Mara (Spider:3)
  5 ancient liches
  30 greater mummies
  Margery (Vaults:5)
  Sojobo (Depths:2)
  4 shard shrikes
  A curse toe (Zot:4)
  Saint Roka (Orc:2)
  8 pandemonium lords (Pan)
  3 caustic shrikes
  Geryon (Hell)
  4 Killer Klowns
  4 golden dragons
  2 profane servitors
  12 bone dragons
  2 iron giants (Dis:7)
  15 Tzitzimimeh
  22 Brimstone Fiends
  A pearl dragon (Pan)
  4 doom hounds
  Arachne (Spider:3)
  9 liches
  Jorgrun (Vaults:2)
  19 Ice Fiends
  A hellephant (Pan)
  10 Hell Sentinels
  16 tentacled monstrosities
  9 quicksilver dragons
  24 Orb Guardians
  17 deep elf master archers
  10 acid blobs
  14 deep elf blademasters
  A tentacled starspawn (Abyss:3)
  16 titans
  2 eldritch tentacles
  9 ancient champions
  2 krakens
  22 Executioners
  10 sphinxes
  8 death cobs
  The ghost of Jojapa the Executioner, an adept MiBe of Trog (Spider:2)
  3 draconian monks
  6 tengu reavers
  21 storm dragons
  Ilsuiw (Shoals:4)
  20 shadow dragons
  Kirke (Elf:1)
  4 revenants
  Donald (Elf:3)
  An azure jelly (Slime:4)
  A daeva (Pan)
  Aizul (Vaults:4)
  8 deep elf sorcerers
  24 vault wardens
  4 draconian knights
  15 fire giants
  13 greater nagas
  7 draconian scorchers
  8 iron dragons
  27 frost giants
  6 warmongers (Pan)
  3 draconian shifters
  7 angels (Pan)
  8 ghost moths
  A ghost moth (shapeshifter) (Zig:1)
  2 orc warlords
  38 balrugs
  8 black suns (Pan)
  5 curse skulls
  2 draconian zealots
  6 ghouls
  4 emperor scorpions
  24 cacodemons
  40 reapers
  6 draconian annihilators
  4 deep elf elementalists
  A juggernaut skeleton (Crypt:1)
  5 ophanim (Pan)
  A juggernaut zombie (Hell)
  An elemental wellspring (Coc:7)
  35 stone giants
  21 war gargoyles
  33 very ugly things
  8 green draconians
  15 ironheart preservers
  6 blood saints (Pan)
  9 vampire knights
  2 draconian callers
  18 deep elf demonologists
  3 entropy weavers
  Azrael (Spider:3)
  8 bennus
  8 apis (Pan)
  8 corrupters (Pan)
  12 red draconians
  58 large abominations
  4 lorocyprocas (Pan)
  The ghost of Levianaught the Fighter, a journeyman TrMo of Gozag (D:13)
  5 black draconians
  6 mottled draconians
  2 dire elephants (Depths:2)
  10 deep elf annihilators
  9 chaos champions (Pan)
  11 purple draconians
  Nessos (D:14)
  12 yellow draconians
  13 ettins
  28 blizzard demons
  3 spark wasps
  13 white draconians
  4 eidola
  13 deep elf death magi
  9 merfolk javelineers
  The ghost of oldriver the Blocker, a journeyman GrFi of Cheibriados (Spider:1)
  13 green deaths
  20 jiangshi
  A quicksilver dragon zombie (Tar:1)
  21 mummy priests
  Josephine (D:15)
  5 death oozes
  6 merfolk impalers
  26 fire dragons
  7 kraken zombies
  7 deep elf high priests
  3 naga warriors
  12 great orbs of eyes
  20 yaktaur captains
  8 rakshasas
  32 ice dragons
  21 hydras
  Harold (D:10)
  35 vault guards
  A spriggan air mage (Depths:2)
  A juggernaut simulacrum (Pan)
  A spectral shadow dragon (Crypt:3)
  7 hell beasts
  2 quicksilver dragon skeletons
  8 death knights
  7 monstrous demonspawn (Pan)
  2 ghost crabs
  A catoblepas (shapeshifter) (Vaults:4)
  An alligator snapping turtle (Shoals:4)
  7 merfolk avatars
  2 catoblepae
  3 anacondas
  15 centaur warriors
  3 satyrs
  40 dancing weapons
  6 merfolk aquamancers
  10 deep troll earth magi
  42 death scarabs
  10 deep troll shamans
  4 alligators (Zig:17)
  5 death yaks
  A satyr (shapeshifter) (Vaults:2)
  15 ogre magi
  2 naga sharpshooters (Zig:16)
  5 tengu warriors
  4 shock serpents
  2 vampire magi
  30 hell hogs
  Urug (D:11)
  4 orc high priests
  2 spriggan berserkers
  65 sun demons
  2 titan skeletons
  13 hell knights
  80 skeletal warriors
  4 titan zombies
  7 storm dragon zombies
  8 iron golems
  51 deep elf knights
  39 soul eaters
  21 shadow wraiths
  5 golden dragon zombies
  28 iron trolls
  7 cherubim (Pan)
  8 death drakes
  5 storm dragon skeletons
  5 gelid demonspawn (Pan)
  9 anaconda zombies
  3 spriggan druids
  34 deep trolls
  A spark wasp zombie (Zig:13)
  6 unseen horrors
  15 sea snakes
  15 shadow demons
  4 swamp dragons
  2 ghost moth zombies
  A quicksilver dragon simulacrum (Depths:3)
  4 lindwurms
  11 flayed ghosts
  3 putrid demonspawn (Pan)
  6 wizards
  An orange crystal statue (Zig:6)
  22 phantasmal warriors
  6 infernal demonspawn (Pan)
  10 hill giants
  4 golden dragon skeletons
  5 torturous demonspawn (Pan)
  27 harpies
  3 shambling mangroves
  28 anubis guards
  7 giant orange brains
  17 ironbrand convokers
  2 kraken simulacra (Coc:7)
  44 deep elf archers
  4 anaconda skeletons
  3 tengu zombies
  13 necromancers
  A shadow dragon zombie (Zig:13)
  32 orc knights
  40 wolf spiders
  118 deep elf magi
  A mana viper (Zig:16)
  22 orb spiders
  4 tengu skeletons
  4 iron dragon zombies
  9 oklob plants
  7 fauns
  5 stone giant zombies
  9 human zombies
  8 cyclopes
  A cyclops (shapeshifter) (D:11)
  A shadow dragon skeleton (Pan)
  A sphinx skeleton (Zig:13)
  9 shining eyes
  15 griffons
  6 frost giant zombies
  14 orc sorcerers
  21 sixfirhies
  7 fire giant zombies
  66 ugly things
  18 elephants
  2 fire giant skeletons
  A faun (shapeshifter) (Vaults:3)
  A salamander (Zig:16)
  19 manticores
  8 hornets
  5 frost giant skeletons
  A spectral ettin (Crypt:3)
  A wolf spider (shapeshifter) (Zig:12)
  16 moths of wrath
  A moth of wrath (shapeshifter) (Zig:1)
  7 guardian serpents
  3 iron dragon skeletons
  7 sirens
  2 black mambas (shapeshifter)
  19 black mambas
  5 dire elephant zombies
  2 shock serpent zombies
  A guardian serpent (shapeshifter) (Vaults:4)
  32 rust devils
  A centaur zombie (D:11)
  A stone giant skeleton (Geh:7)
  5 naga magi
  6 ice statues
  8 water nymphs
  3 titan simulacra
  35 orange demons (Pan)
  An eye of devastation (Zig:2)
  15 smoke demons
  23 vault sentinels
  A black draconian zombie (Crypt:2)
  13 molten gargoyles (Geh:7)
  8 spiny frogs
  2 gargoyles (D:15)
  3 torpor snails
  5 spriggan zombies
  7 storm dragon simulacra
  5 dire elephant skeletons
  4 elf zombies
  A yaktaur zombie (Vaults:2)
  2 catoblepas zombies
  An elf skeleton (Zig:11)
  A spiny frog (shapeshifter) (Vaults:5)
  91 yaktaurs
  7 rime drakes
  28 freezing wraiths
  16 hellions
  6 komodo dragons
  14 efreet
  An emperor scorpion zombie (Dis:5)
  31 tormentors
  A yaktaur (shapeshifter) (Vaults:4)
  2 komodo dragons (shapeshifter)
  16 demonic crawlers
  6 anaconda simulacra
  38 red devils
  A yaktaur skeleton (Vaults:4)
  4 tengu conjurers
  6 hellwings (Pan)
  43 guardian mummies
  A pale draconian skeleton (Crypt:2)
  34 ice devils
  18 trolls
  6 hydra zombies
  2 death drake zombies
  6 meliai
  2 ancient zymes
  A giant leech (Zig:17)
  50 jumping spiders
  A troll (shapeshifter) (D:13)
  9 polar bears
  A harpy zombie (Abyss:3)
  32 merfolk
  A silent spectre (Tar:6)
  A yellow draconian skeleton (Crypt:1)
  85 slime creatures
  5 hydra skeletons
  11 snapping turtles
  A death drake skeleton (Crypt:1)
  20 two-headed ogres
  5 wind drakes
  4 alligator zombies
  10 blink frogs
  A two-headed ogre (shapeshifter) (Depths:1)
  Prince Ribbit (D:6)
  3 ice dragon zombies
  3 fire dragon zombies
  A hornet zombie (D:14)
  18 ushabtiu
  A raiju (shapeshifter) (Vaults:4)
  A frost giant simulacrum (Coc:6)
  A human simulacrum (Vaults:2)
  4 boulder beetles
  2 minotaur skeletons
  A guardian serpent skeleton (Crypt:1)
  A deep troll zombie (Hell)
  6 ettin skeletons
  9 bog bodies
  6 ettin zombies
  123 flying skulls
  A fire giant simulacrum (Vaults:2)
  2 ice dragon skeletons
  2 black mamba zombies
  47 tarantellas
  126 redbacks
  25 ynoxinuls (Pan)
  54 yaks
  3 spriggans
  2 spriggans (shapeshifter)
  26 shadows
  12 air elementals
  2 vampires
  29 water elementals
  A tarantella (shapeshifter) (Elf:1)
  4 fire dragon skeletons
  An alligator skeleton (Geh:7)
  A golden eye (Abyss:3)
  Eustachio (D:5)
  28 wraiths
  9 wyverns
  12 hippogriffs
  A black mamba skeleton (Crypt:1)
  2 hogs (Elf:1)
  12 vampire mosquitoes
  18 fire elementals
  4 hungry ghosts
  A yaktaur simulacrum (Vaults:5)
  A basilisk (Lair:1)
  3 steam dragons
  17 neqoxecs (Pan)
  13 chaos spawn
  A mottled dragon (shapeshifter) (Depths:3)
  5 mottled dragons
  An infernal demonspawn zombie (Crypt:2)
  Edmund (D:6)
  5 nagas
  9 wargs
  A soldier ant (shapeshifter) (Depths:5)
  9 hydra simulacra
  2 merfolk zombies
  Menkaure (D:6)
  43 hell hounds
  2 spiny frog zombies (Hell)
  7 porcupines
  3 human skeletons
  3 ice beasts
  16 water moccasins
  2 giant eyeballs
  2 black bears
  6 swamp drakes
  3 snapping turtle zombies
  A swamp drake (shapeshifter) (D:13)
  3 spiny frog skeletons
  95 orc warriors
  10 eyes of draining
  4 phantoms
  An anubis guard zombie (Crypt:2)
  14 necrophages
  A wasp (shapeshifter) (Vaults:3)
  7 sky beasts
  12 wasps
  An alligator simulacrum (Coc:7)
  3 manticore zombies
  An ogre (shapeshifter) (Depths:5)
  51 ogres
  8 starcursed masses (Zig:6)
  6 boggarts
  A hog zombie (Crypt:2)
  18 centaurs
  A tengu (shapeshifter) (D:15)
  4 snapping turtle skeletons
  19 crocodiles
  A manticore skeleton (Crypt:3)
  8 earth elementals
  A giant frog (shapeshifter) (Depths:4)
  2 big kobolds (D:7)
  24 giant frogs
  A komodo dragon skeleton (Crypt:1)
  24 small abominations
  A glowing shapeshifter simulacrum (Depths:3)
  3 spiny frog simulacra
  2 wyvern zombies
  2 wyvern skeletons
  3 scorpions
  17 killer bees
  3 howler monkeys (D:12)
  2 vampire bats (Lair:6)
  34 wights
  7 jellies
  19 electric eels
  A spriggan skeleton (Pan)
  14 crimson imps
  4 giant frog zombies
  8 hounds
  A quasit (D:4)
  29 orc wizards
  3 centaur skeletons
  31 orc priests
  3 giant frog skeletons
  A gnoll shaman (D:12)
  26 iron imps
  15 iguanas
  A two-headed ogre skeleton (Crypt:2)
  12 worker ants
  12 hell rats
  A lightning spire (Zig:16)
  19 sheep
  A naga zombie (Geh:3)
  An ogre skeleton (Tar:7)
  A hound zombie (D:7)
  2 hound skeletons
  A howler monkey zombie (D:9)
  61 mummies
  11 gnolls
  8 adders
  38 river rats
  8 shadow imps
  10 white imps
  An adder zombie (D:10)
  3 adder skeletons
  3 worms
  3 dart slugs
  7 giant geckos
  105 orcs
  6 giant cockroaches
  A gnoll zombie (Ossuary)
  7 goblins
  7 hobgoblins
  9 jackals
  2 quokkas (D:10)
  A ball python (D:4)
  A ball python skeleton (D:4)
  9 bats
  A giant gecko skeleton (D:5)
  6 giant newts
  2 goblin zombies (D:4)
  2 hobgoblin zombies (Ossuary)
  A jackal skeleton (D:5)
  10 kobolds
  5 kobold zombies
  An orc skeleton (Tar:7)
  2 orc zombies (Ossuary)
  A quokka zombie (D:7)
  2 rats
  3 crawling corpses
  A fire vortex (Pan)
  7 plants
  A starspawn tentacle (Abyss:3)
  27 tentacles
5266 creatures vanquished.

Vanquished Creatures (collateral kills)
  Antaeus (Coc:7)
  A greater mummy (Tomb:1)
  6 iron giants (Dis:7)
  A Brimstone Fiend (Dis:7)
  An iron dragon (Dis:7)
  An ironheart preserver (Vaults:5)
  An ophan (Pan)
  A war gargoyle (Dis:7)
  2 quicksilver dragon zombies
  2 ice dragons (Coc:7)
  2 death scarabs (Tomb:1)
  A skeletal warrior (Coc:7)
  An anaconda zombie (Coc:7)
  A frost giant zombie (Dis:7)
  A rust devil (Dis:7)
  A molten gargoyle (Geh:7)
  A tormentor (Dis:7)
  A guardian mummy (Tomb:1)
  An ice devil (Coc:7)
  An ettin zombie (Tomb:1)
  A neqoxec (Pan)
  A hell hound (Dis:7)
  An iron imp (Dis:7)
  A white imp (Coc:7)
32 creatures vanquished.

Vanquished Creatures (others)
  A Killer Klown (Zot:3)
  5 eldritch tentacles
  An ancient champion (Tomb:2)
  A tengu reaver (Vaults:5)
  A greater naga (Zig:16)
  A vault warden (Vaults:5)
  A frost giant (Depths:4)
  A deep elf elementalist (Elf:3)
  2 elemental wellsprings
  A deep elf high priest (Zig:18)
  A fire dragon (Zig:14)
  An ice dragon (Coc:7)
  An alligator (Zig:17)
  15 death scarabs
  A dancing weapon (Elf:1)
  A hell hog (Geh:7)
  A naga sharpshooter (Zig:16)
  An iron golem (Dis:7)
  4 deep elf knights
  A sun demon (Pan)
  A hell knight (Vaults:5)
  A storm dragon skeleton (Tomb:3)
  A deep troll (Depths:5)
  A flayed ghost (Geh:5)
  A sea snake (Shoals:1)
  A deep elf archer (Zig:18)
  A phantasmal warrior (Vaults:5)
  An anaconda skeleton (Geh:7)
  A deep elf mage (Zig:12)
  An oklob plant (Zig:13)
  A necromancer (Vaults:4)
  An orb spider (Spider:4)
  A black mamba (shapeshifter) (Vaults:4)
  A spiny frog (Zig:17)
  A yaktaur (Vaults:2)
  A rime drake (Zig:14)
  2 guardian mummies (Tomb:2)
  A tengu conjurer (D:15)
  A harpy zombie (Tomb:2)
  2 two-headed ogres (Depths:1)
  A fire dragon zombie (Geh:7)
  An ettin skeleton (Tomb:2)
  An ettin zombie (Geh:7)
  2 flying skulls
  A human (Elf:1)
  2 ynoxinuls (Pan)
  2 redbacks (Spider:4)
  A water elemental (Zig:12)
  2 wraiths
  A chaos spawn (Pan)
  A mottled dragon (Vaults:1)
  A spiny frog zombie (Geh:7)
  An orc warrior (Vaults:4)
  3 ogres (Depths:1)
  2 boggarts (Depths:2)
  An iron imp (Dis:7)
  An orc wizard (Orc:2)
  A human simulacrum (Crypt:1)
  2 mummies (Tomb:2)
  7 ball lightnings (Pan)
  An orc (Vaults:4)
  A quokka (D:8)
  4 blocks of ice (Pan)
  2 bushes
  A crawling corpse (Vaults:1)
  274 eldritch tentacle segments
  28 fungi
  78 plants
  6 spectral weapons
  3 starspawn tentacles (Abyss:3)
  23 starspawn tentacle segments (Abyss:3)
  94 tentacles
  1924 tentacle segments
  12 withered plants (Crypt:1)
2549 creatures vanquished.

Grand Total: 7847 creatures vanquished

Notes
Turn   | Place    | Note
-------+----------+-------------------------------------------
     0 | D:1      | arn the High Elf Warper began the quest for the Orb.
     0 | D:1      | Reached XP level 1. HP: 14/14 MP: 4/4
     1 | D:1      | Noticed an electric eel
   273 | D:1      | Reached XP level 2. HP: 19/19 MP: 6/6
  1075 | D:2      | Reached XP level 3. HP: 9/24 MP: 7/7
  1490 | D:2      | Found a runed door.
  1625 | D:2      | Noticed Terence
  1638 | D:2      | Gained mutation: You tend to lose your temper in combat. [potion of mutation]
  1638 | D:2      | Gained mutation: You have a somewhat thin skeletal structure. (Dex +2, Stealth) [potion of mutation]
  1638 | D:2      | Gained mutation: Scrolls take you a little longer to read. [potion of mutation]
  2291 | D:3      | Reached XP level 4. HP: 25/29 MP: 8/8
  3094 | D:4      | Reached skill level 5 in Long Blades
  3213 | D:4      | Found a sand-covered staircase.
  3242 | Ossuary  | Entered an ossuary
  3300 | Ossuary  | Reached XP level 5. HP: 34/34 MP: 9/9
  3544 | Ossuary  | Lost mutation: Scrolls take you a little longer to read. [potion of cure mutation]
  3544 | Ossuary  | Lost mutation: You tend to lose your temper in combat. [potion of cure mutation]
  3544 | Ossuary  | Lost mutation: You have a somewhat thin skeletal structure. (Dex +2, Stealth) [potion of cure mutation]
  4068 | D:4      | Noticed Foodahn's ghost (amateur MiFi)
  4186 | D:4      | Reached XP level 6. HP: 39/39 MP: 10/10
  4287 | D:4      | Found a staircase to the Ecumenical Temple.
  4301 | Temple   | Entered the Ecumenical Temple
  4350 | Temple   | Became a worshipper of Warmaster Okawaru
  4773 | D:4      | Got a twisted scale mail
  4784 | D:4      | Identified the cursed +1 scale mail of Leapfrog {rCorr Str+2} (You found it on level 4 of the Dungeon)
  5080 | D:5      | Entered Level 5 of the Dungeon
  5112 | D:5      | Reached * piety under Okawaru
  5112 | D:5      | Reached skill level 5 in Dodging
  5112 | D:5      | Reached XP level 7. HP: 29/45 MP: 11/11
  5524 | D:5      | Reached skill level 1 in Invocations
  5574 | D:5      | Found Qixuren's Food Shop.
  5596 | D:5      | Noticed Eustachio
  5772 | D:5      | Killed Eustachio
  5825 | D:6      | Reached ** piety under Okawaru
  5825 | D:6      | Reached XP level 8. HP: 41/50 MP: 12/12
  5985 | D:6      | Noticed Edmund
  5985 | D:6      | Noticed Prince Ribbit
  5991 | D:6      | Killed Prince Ribbit
  5992 | D:6      | Noticed Menkaure
  6003 | D:6      | Killed Menkaure
  6076 | D:6      | Reached skill level 10 in Long Blades
  6559 | D:6      | Reached *** piety under Okawaru
  6690 | D:6      | Learned a level 2 spell: Blink
  6693 | D:6      | Learned a level 2 spell: Shroud of Golubria
  6791 | D:6      | Found Jaturani's Distillery.
  6796 | D:6      | Bought a potion of curing for 42 gold pieces
  6796 | D:6      | Bought a potion of curing for 42 gold pieces
  6796 | D:6      | Bought a potion of might for 56 gold pieces
  7364 | D:7      | Reached XP level 9. HP: 54/54 MP: 10/13
  7431 | D:7      | Reached skill level 5 in Invocations
  8325 | D:8      | Got a flickering iron ring
  8326 | D:8      | Identified the ring of Egomania {rPois rC+ MR- Int+3} (You found it on level 8 of the Dungeon)
  8585 | D:6      | Killed Edmund
  8818 | D:8      | Reached **** piety under Okawaru
  8829 | D:8      | Found a white marble altar of Elyvilon.
  8993 | D:8      | Received a gift from Okawaru
  9511 | D:8      | Reached XP level 10. HP: 32/60 MP: 16/16
  9828 | D:9      | Found Geluhasa's Gadget Shoppe.
  9831 | D:9      | Bought a wand of teleportation (3/9) for 252 gold pieces
  9846 | D:9      | Reached skill level 1 in Armour
 10471 | D:10     | Entered Level 10 of the Dungeon
 10758 | D:10     | Noticed an oklob plant
 10773 | D:10     | Found a staircase to the Lair.
 10849 | Lair:1   | Entered Level 1 of the Lair of Beasts
 10849 | Lair:1   | Noticed a black mamba
 10858 | Lair:1   | Killed a black mamba
 10871 | Lair:1   | Noticed a black mamba
 10879 | Lair:1   | Killed a black mamba
 11000 | Lair:1   | Noticed a black mamba
 11041 | Lair:1   | Killed a black mamba
 11041 | Lair:1   | Reached ***** piety under Okawaru
 11224 | Lair:1   | Reached skill level 5 in Fighting
 11238 | Lair:1   | Received a gift from Okawaru
 11960 | Lair:1   | Noticed a spiny frog
 11960 | Lair:1   | Reached skill level 10 in Dodging
 11973 | Lair:1   | Killed a spiny frog
 11973 | Lair:1   | Reached XP level 11. HP: 43/72 MP: 14/17
 12069 | Lair:1   | Received a gift from Okawaru
 12713 | Lair:1   | Reached skill level 5 in Armour
 13247 | Lair:2   | Reached skill level 1 in Shields
 13656 | Lair:2   | Found a staircase to the Shoals.
 13741 | Lair:2   | Received a gift from Okawaru
 13744 | Lair:2   | Got a jewelled ring mail {god gift}
 13755 | Lair:2   | Identified the +3 ring mail of Duty {rF+ rN+ MR+ Dex+3} (Okawaru gifted it to you on level 2 of the Lair of Beasts)
 13882 | Lair:2   | HP: 2/74 [porcupine (6)]
 15129 | Lair:3   | Reached skill level 5 in Translocations
 15300 | Lair:3   | Reached XP level 12. HP: 72/82 MP: 18/18
 15746 | Lair:3   | Noticed a seven-headed hydra
 15965 | Lair:4   | Received a gift from Okawaru
 16220 | Lair:4   | Noticed a four-headed hydra
 16556 | Lair:4   | Noticed a six-headed hydra
 16852 | Lair:4   | Killed a ten-headed hydra
 17037 | Lair:4   | Noticed a six-headed hydra
 17313 | Lair:5   | Noticed a five-headed hydra
 17428 | Lair:5   | Found a staircase to the Slime Pits.
 17642 | Lair:5   | Received a gift from Okawaru
 17761 | Lair:5   | Noticed a death yak
 17761 | Lair:5   | Noticed a death yak
 17777 | Lair:5   | Noticed a death yak
 17777 | Lair:5   | Noticed a death yak
 17791 | Lair:5   | Killed a death yak
 17804 | Lair:5   | Killed a death yak
 17804 | Lair:5   | Reached skill level 15 in Long Blades
 17812 | Lair:5   | Killed a death yak
 17825 | Lair:5   | Killed a death yak
 17825 | Lair:5   | Reached XP level 13. HP: 44/89 MP: 19/19
 18414 | Lair:5   | Learned a level 4 spell: Passage of Golubria
 18644 | Lair:6   | Entered Level 6 of the Lair of Beasts
 18703 | Lair:6   | Received a gift from Okawaru
 19581 | Lair:3   | Found a hole to the Spider Nest.
 19872 | D:10     | Found a deep blue altar of Sif Muna.
 19989 | D:10     | Received a gift from Okawaru
 19997 | D:10     | Got a warped cloak {god gift}
 20003 | D:10     | Identified the +1 cloak "Lueb" {rCorr Int+2} (Okawaru gifted it to you on level 10 of the Dungeon)
 20099 | D:10     | Reached skill level 10 in Fighting
 20129 | D:10     | Found a staircase to the Orcish Mines.
 20129 | D:10     | Found Moqabbo Ujor's Armour Shop.
 20164 | Orc:1    | Entered Level 1 of the Orcish Mines
 20399 | Orc:1    | Paralysed by an orc sorcerer for 6 turns
 20829 | Orc:2    | Entered Level 2 of the Orcish Mines
 20858 | Orc:2    | Found a staircase to the Elven Halls.
 20972 | Orc:2    | Noticed Saint Roka
 21396 | Orc:2    | Killed Saint Roka
 21534 | Orc:2    | Found Ciobryiph's Antique Armour Shop.
 21564 | Orc:2    | Reached XP level 14. HP: 45/101 MP: 20/20
 22109 | Orc:2    | Found Qibos's Distillery.
 22162 | Orc:2    | Received a gift from Okawaru
 22181 | Orc:2    | Found Obihunere's Food Emporium.
 22196 | Orc:2    | Found Plog's General Store.
 22210 | Orc:2    | Bought a translucent ring mail for 171 gold pieces
 22210 | Orc:2    | Identified the +4 ring mail "Soexu" {rF+ rC+ rCorr Dex+3} (You bought it in a shop on level 2 of the Orcish Mines)
 22237 | Orc:2    | Bought a potion of might for 60 gold pieces
 22237 | Orc:2    | Bought 2 potions of curing for 90 gold pieces
 22237 | Orc:2    | Bought a potion of might for 60 gold pieces
 22237 | Orc:2    | Bought a potion of heal wounds for 75 gold pieces
 22345 | D:10     | Bought a +1 pair of boots for 172 gold pieces
 22651 | D:10     | Noticed Harold
 22675 | D:10     | Killed Harold
 23615 | D:11     | Received a gift from Okawaru
 23728 | D:11     | Noticed Urug
 23731 | D:11     | Killed Urug
 23731 | D:11     | Reached skill level 15 in Dodging
 24849 | D:12     | Reached ****** piety under Okawaru
 25530 | D:13     | Received a gift from Okawaru
 25877 | D:13     | Noticed Levianaught's ghost (journeyman TrMo)
 25920 | D:13     | Killed Levianaught's ghost
 26562 | D:13     | Received a gift from Okawaru
 26607 | D:13     | Found a gate to the Vaults.
 26808 | D:13     | Found Wesmiall's Antique Weapon Emporium.
 26957 | D:13     | Received a gift from Okawaru
 26997 | D:13     | Reached XP level 15. HP: 82/111 MP: 21/21
 27396 | D:14     | Received a gift from Okawaru
 27410 | D:14     | Got a slimy triple sword {god gift}
 27411 | D:14     | Identified the +9 triple sword of Salt {venom, rF+ rC- MR+ Str+7} (Okawaru gifted it to you on level 14 of the Dungeon)
 28056 | D:14     | Noticed Nessos
 28066 | D:14     | Killed Nessos
 28292 | D:14     | Upgraded the game from 0.19-a0-1081-g506d7b7 to 0.19-a0-1091-g463c9de
 28574 | D:15     | Entered Level 15 of the Dungeon
 28942 | Spider:1 | Entered Level 1 of the Spider Nest
 29966 | Spider:1 | Noticed oldriver's ghost (journeyman GrFi)
 29986 | Spider:1 | Reached skill level 1 in Evocations
 30017 | Spider:1 | Killed oldriver's ghost
 30940 | Spider:2 | Reached skill level 5 in Evocations
 31256 | Spider:2 | Noticed Jojapa's ghost (adept MiBe)
 31281 | Spider:2 | Killed Jojapa's ghost
 31890 | Spider:2 | Received a gift from Okawaru
 32523 | Spider:2 | Identified a scroll of acquirement
 32928 | Spider:3 | Noticed Mara
 32949 | Spider:3 | Noticed arn's illusion
 32992 | Spider:3 | Killed Mara
 33028 | Spider:3 | Reached XP level 16. HP: 88/120 MP: 22/22
 33062 | Spider:3 | Reached skill level 15 in Fighting
 33185 | Spider:3 | Received a gift from Okawaru
 33189 | Spider:3 | Noticed Arachne
 33239 | Spider:3 | Killed Arachne
 33576 | Spider:3 | Noticed Azrael
 33605 | Spider:3 | Killed Azrael
 34220 | Spider:3 | Identified the +1 hat of Perfidy {*Confuse rN+ Int-4 Dex+6} (You found it on level 3 of the Spider Nest)
 35758 | Spider:4 | Entered Level 4 of the Spider Nest
 37121 | Spider:3 | Received a gift from Okawaru
 37701 | Spider:3 | Reached skill level 1 in Charms
 39076 | Spider:4 | Reached skill level 5 in Spellcasting
 39493 | Spider:3 | Reached skill level 5 in Charms
 40486 | Spider:3 | Reached XP level 17. HP: 108/129 MP: 7/26
 40667 | Spider:4 | Received a gift from Okawaru
 41354 | Spider:4 | Got a gossamer rune of Zot
 42261 | Lair:6   | Received a gift from Okawaru
 42832 | Lair:6   | Received a gift from Okawaru
 43145 | Lair:6   | Reached skill level 10 in Charms
 43591 | Shoals:1 | Entered Level 1 of the Shoals
 43656 | Shoals:1 | Identified the ring "Byhue" {rCorr rF+++ rN+++ MR- Int-2} (You found it on level 1 of the Shoals)
 43708 | Shoals:1 | Learned a level 6 spell: Deflect Missiles
 43764 | Shoals:1 | Reached skill level 1 in Air Magic
 44291 | Shoals:1 | Noticed a kraken
 44332 | Shoals:1 | Received a gift from Okawaru
 45336 | Shoals:2 | Found an ancient bone altar of Kikubaaqudgha.
 45410 | Shoals:2 | Found Qobriq's Gadget Boutique.
 45984 | Shoals:3 | Reached skill level 5 in Air Magic
 45998 | Shoals:3 | Noticed a kraken
 46011 | Shoals:3 | Learned a level 2 spell: Repel Missiles
 46125 | Shoals:3 | Killed a kraken
 46125 | Shoals:3 | Received a gift from Okawaru
 46577 | Shoals:3 | Learned a level 6 spell: Haste
 46591 | Shoals:4 | Entered Level 4 of the Shoals
 46600 | Shoals:4 | Reached XP level 18. HP: 135/135 MP: 27/27
 46630 | Shoals:4 | Noticed Ilsuiw
 47194 | D:9      | Bought a +5 rod of clouds (11/11) for 1242 gold pieces
 47368 | Vaults:1 | Entered Level 1 of the Vaults
 47697 | Vaults:1 | Received a gift from Okawaru
 49199 | Vaults:1 | Received a gift from Okawaru
 50358 | Vaults:2 | Received a gift from Okawaru
 50361 | Vaults:2 | Found Xadics's Magic Scroll Boutique.
 50362 | Vaults:2 | Noticed a Brimstone Fiend
 50367 | Vaults:2 | Reached skill level 10 in Evocations
 50387 | Vaults:2 | Noticed Jorgrun
 50731 | Vaults:1 | Gained mutation: You are partially covered in rugged brown scales. (AC +1, +3% HP) [mutagenic meat]
 52204 | Vaults:2 | Reached XP level 19. HP: 105/148 MP: 26/28
 52217 | Vaults:2 | Noticed a Brimstone Fiend
 52395 | Vaults:2 | Received a gift from Okawaru
 52979 | Vaults:2 | Bought a scroll of acquirement for 728 gold pieces
 52980 | Vaults:2 | Got a spiked cloak
 52991 | Vaults:2 | Identified the +0 cloak "Arrem" {rPois Str-2 Int-4 Dex+6} (You acquired it on level 2 of the Vaults)
 53288 | Vaults:2 | Received a gift from Okawaru
 53337 | Vaults:2 | Identified the +9 great sword of the Rattle-Snake {venom, rC+ MP+9 SInv} (Okawaru gifted it to you on level 2 of the Vaults)
 53386 | Vaults:2 | Identified the +1 crystal plate armour of Axkidd {rN++} (Okawaru gifted it to you on level 2 of the Vaults)
 53975 | Vaults:2 | Killed Jorgrun
 54146 | Vaults:3 | Received a gift from Okawaru
 54780 | Vaults:3 | Received a gift from Okawaru
 54863 | Vaults:3 | Noticed a bone dragon
 55311 | Vaults:3 | Found a staircase to the Crypt.
 56056 | Vaults:3 | Received a gift from Okawaru
 56058 | Vaults:3 | Reached skill level 10 in Armour
 56064 | Vaults:3 | Reached XP level 20. HP: 139/156 MP: 29/29
 58122 | Vaults:4 | Noticed Aizul
 58139 | Vaults:4 | Killed Aizul
 58381 | Vaults:4 | Received a gift from Okawaru
 59135 | Vaults:4 | Received a gift from Okawaru
 59550 | Vaults:4 | Identified a +1 pair of boots of running (Okawaru gifted it to you on level 4 of the Vaults)
 59573 | Vaults:4 | Found a roughly hewn altar of Beogh.
 60377 | Vaults:2 | Killed a bone dragon
 61858 | Shoals:4 | Reached XP level 21. HP: 156/161 MP: 30/30
 61930 | Shoals:4 | Killed Ilsuiw
 61984 | Shoals:4 | Identified the Disquisition on Floating Good Luck
 62517 | Shoals:4 | Received a gift from Okawaru
 62518 | Shoals:4 | Identified the +0 cloak of Wejysu {MR+ MP+9} (Okawaru gifted it to you on level 4 of the Shoals)
 62574 | Shoals:4 | Got a barnacled rune of Zot
 62676 | Shoals:4 | Found a runed door.
 63608 | Shoals:4 | Identified the Compendium of Earth and Ignition (You found it on level 4 of the Shoals)
 64305 | D:14     | Found a shimmering altar of Xom.
 64407 | D:15     | Reached skill level 15 in Charms
 64914 | D:15     | Found a staircase to the Depths.
 65003 | D:15     | Found an iron altar of Okawaru.
 65329 | D:15     | Noticed Josephine
 65339 | D:15     | Killed Josephine
 65595 | Depths:1 | Entered Level 1 of the Depths
 65888 | Depths:1 | Found a gateway to a ziggurat.
 65932 | Depths:1 | Received a gift from Okawaru
 65933 | Depths:1 | Identified the +0 chain mail "Jeras" {-Cast rPois Int+4 Dex+7} (Okawaru gifted it to you on level 1 of the Depths)
 66131 | Depths:1 | Found a portal to a secret trove of treasure.
 66445 | Depths:1 | Found Wuydapueg's Book Shop.
 66619 | Depths:1 | Found a gateway to Hell.
 66638 | Depths:1 | Found Vied's Serpentskin Sales.
 67348 | Depths:2 | Noticed Sojobo
 68540 | Depths:2 | Received a gift from Okawaru
 68541 | Depths:2 | Identified the +8 great sword "Uskifref" {freeze, rF+ MR+} (Okawaru gifted it to you on level 2 of the Depths)
 68568 | Depths:2 | Killed Sojobo
 68568 | Depths:2 | Reached XP level 22. HP: 94/168 MP: 31/33
 68912 | Depths:2 | Noticed a caustic shrike
 68929 | Depths:2 | Killed a caustic shrike
 69516 | Depths:2 | Received a gift from Okawaru
 69561 | Depths:2 | Got a faintly humming shield {god gift}
 69572 | Depths:2 | Identified the +5 shield "Firyiwk" {+Inv rC+ Dex+3 SInv} (Okawaru gifted it to you on level 2 of the Depths)
 70965 | Depths:3 | Found a one-way gate leading to the halls of Pandemonium.
 71954 | Depths:3 | Found a one-way gate to the infinite horrors of the Abyss.
 72606 | Depths:4 | Received a gift from Okawaru
 72857 | Depths:4 | Received a gift from Okawaru
 73295 | Depths:4 | Noticed a caustic shrike
 73313 | Depths:4 | Killed a caustic shrike
 73313 | Depths:4 | Received a gift from Okawaru
 73732 | Depths:4 | Received a gift from Okawaru
 73802 | Depths:4 | Reached XP level 23. HP: 122/177 MP: 34/34
 74147 | Depths:4 | Found Deruc's Gadget Shop.
 74148 | Depths:4 | Found Golu's Jewellery Shoppe.
 74149 | Depths:4 | Found Egruz's Gadget Shop.
 74497 | Depths:4 | Noticed a caustic shrike
 74521 | Depths:4 | Killed a caustic shrike
 74521 | Depths:4 | Reached skill level 15 in Armour
 74866 | Depths:5 | Entered Level 5 of the Depths
 75159 | Depths:5 | Found a gate to the Realm of Zot.
 75526 | Depths:5 | Received a gift from Okawaru
 76794 | Depths:5 | Found Efeo's Magic Scroll Shop.
 76802 | Depths:5 | Bought a scroll of teleportation for 51 gold pieces
 76802 | Depths:5 | Bought a scroll of magic mapping for 59 gold pieces
 77006 | Depths:5 | Received a gift from Okawaru
 77017 | Depths:5 | Identified the +3 pair of gloves of the Bulwark {Regen+ Str+5} (Okawaru gifted it to you on level 5 of the Depths)
 77460 | Elf:1    | Entered Level 1 of the Elven Halls
 77969 | Elf:1    | Noticed Kirke
 77993 | Elf:1    | Killed Kirke
 78969 | Elf:2    | Found a huge runed gate.
 78969 | Elf:2    | Found a huge runed gate.
 78969 | Elf:2    | Found a huge runed gate.
 78973 | Elf:2    | Found a huge runed gate.
 78974 | Elf:2    | Found a huge runed gate.
 79218 | Elf:2    | Reached XP level 24. HP: 168/188 MP: 33/34
 79675 | Elf:3    | Entered Level 3 of the Elven Halls
 79751 | Elf:3    | Received a gift from Okawaru
 79885 | Elf:3    | Received a gift from Okawaru
 80080 | Elf:3    | Noticed Donald
 80097 | Elf:3    | Killed Donald
 80374 | Elf:3    | Got a scorched helmet
 80385 | Elf:3    | Identified the +1 helmet "Lovvim" {rF+ rN++ Stlth-} (You found it on level 3 of the Elven Halls)
 80444 | Elf:3    | Identified Xoudi's Disquisition on Captivating Transformation (You found it on level 3 of the Elven Halls)
 80520 | Elf:3    | Identified the Incunabulum of Boosting Stolen Souls (You found it on level 3 of the Elven Halls)
 80524 | Elf:3    | Learned a level 3 spell: Regeneration
 80568 | Elf:3    | Got a warped long sword
 80569 | Elf:3    | Identified the +3 long sword of the Reaper {slice, rF+ Int-3 Stlth+} (You found it on level 3 of the Elven Halls)
 81324 | Depths:1 | You paid a toll of 2 scrolls of acquirement to enter a treasure trove
 81325 | Trove    | Entered a treasure trove
 81327 | Trove    | Found an oddly glowing altar of Pakellas.
 81356 | Trove    | Identified a +0 rod of ignition (11/11) (You found it in a treasure trove)
 81362 | Trove    | Identified a +0 rod of clouds (14/14) (You found it in a treasure trove)
 81485 | Depths:4 | Bought a +7 rod of shadows (9/9) for 2173 gold pieces
 81863 | Slime:1  | Entered Level 1 of the Pits of Slime
 82238 | Slime:4  | Gained mutation: You are frail. (-10% HP) [a shining eye]
 82265 | Slime:5  | Entered Level 5 of the Pits of Slime
 82299 | Slime:5  | Received a gift from Okawaru
 82306 | Slime:5  | Noticed the Royal Jelly
 82322 | Slime:5  | Killed the Royal Jelly
 82624 | Slime:5  | Got a slimy rune of Zot
 82680 | Slime:5  | Identified the ring "Arovvecw" {rElec MR- MP+9 Int+7 SInv} (You found it on level 5 of the Pits of Slime)
 82747 | Slime:5  | Gained mutation: You tend to lose your temper in combat. [a shining eye]
 82749 | Slime:5  | Lost mutation: You are frail. (-10% HP) [potion of cure mutation]
 82749 | Slime:5  | Lost mutation: You tend to lose your temper in combat. [potion of cure mutation]
 82749 | Slime:5  | Lost mutation: You are partially covered in rugged brown scales. (AC +1, +3% HP) [potion of cure mutation]
 82754 | Slime:5  | Noticed HenryFlower's ghost (legendary MiBe)
 82764 | Slime:5  | Learned a level 2 spell: Swiftness
 82774 | Slime:5  | Gained mutation: You are dopey. (Int -2) [a shining eye]
 82855 | Slime:5  | Identified the +3 great sword "Viofey" {venom, +Blink rF- Str+7} (You found it on level 5 of the Pits of Slime)
 82857 | Slime:5  | Identified the Collected Works on Poisoning (You found it on level 5 of the Pits of Slime)
 83332 | Zot:1    | Entered Level 1 of the Realm of Zot
 83901 | Zot:1    | Reached XP level 25. HP: 189/192 MP: 34/34
 84591 | Zot:2    | Received a gift from Okawaru
 84594 | Zot:2    | Identified the +1 pair of boots of Eternity {rN++} (Okawaru gifted it to you on level 2 of the Realm of Zot)
 86554 | Zot:3    | Reached skill level 15 in Evocations
 86562 | Zot:3    | Received a gift from Okawaru
 86570 | Zot:3    | Identified the -3 pair of boots "Itimegis" {rF+ rN+ Str+5 Int-3} (Okawaru gifted it to you on level 3 of the Realm of Zot)
 87597 | Zot:4    | Upgraded the game from 0.19-a0-1091-g463c9de to 0.19-a0-1100-g56b2fe9
 87699 | Zot:1    | Reached XP level 26. HP: 147/201 MP: 35/35
 88188 | Vaults:5 | Entered Level 5 of the Vaults
 88454 | Vaults:4 | Received a gift from Okawaru
 88647 | Vaults:5 | Noticed Margery
 88947 | Vaults:5 | Killed Margery
 89097 | Vaults:4 | Received a gift from Okawaru
 89797 | Vaults:5 | Received a gift from Okawaru
 89811 | Vaults:5 | Identified the amulet of Temperance {Gourm Int+4} (You took it off a deep elf knight on level 5 of the Vaults)
 89849 | Vaults:5 | Identified the Reference Book on Boosting Combat Magic
 89861 | Vaults:5 | Got a silver rune of Zot
 90858 | Temple   | Fell from the grace of Okawaru
 90858 | Temple   | Became a worshipper of Makhleb the Destroyer
 91221 | Crypt:1  | Entered Level 1 of the Crypt
 91494 | Crypt:1  | Reached XP level 27. HP: 204/211 MP: 36/36
 91961 | Crypt:2  | Reached * piety under Makhleb
 91999 | Crypt:2  | Noticed Mennas
 92068 | Crypt:2  | Killed Mennas
 92276 | Crypt:2  | Reached ** piety under Makhleb
 92526 | Crypt:3  | Entered Level 3 of the Crypt
 92629 | Crypt:3  | Found an ancient bone altar of Kikubaaqudgha.
 92666 | Crypt:3  | Reached *** piety under Makhleb
 93054 | Crypt:3  | Identified Sif Muna's Handbook of Sinister Toxins
 93056 | Crypt:3  | Identified the Reference Book on Stolen Souls
 93260 | Crypt:3  | Reached **** piety under Makhleb
 93395 | Crypt:3  | Found a staircase to the Tomb.
 93395 | Crypt:3  | Noticed an ancient lich
 93408 | Crypt:3  | Killed an ancient lich
 93418 | Crypt:3  | Identified Voiqiskoa's Guide on Necromancy
 93615 | Crypt:3  | Reached skill level 10 in Invocations
 94136 | Depths:1 | Reached ***** piety under Makhleb
 94344 | Hell     | Entered the Vestibule of Hell
 94344 | Hell     | Noticed Geryon
 94398 | Hell     | Killed Geryon
 94444 | Hell     | Found a gateway to the freezing wastes of Cocytus.
 94629 | Hell     | Found a gateway to the ashen valley of Gehenna.
 94695 | Hell     | Found a gateway to the decaying netherworld of Tartarus.
 94780 | Zig:1    | Entered Level 1 of a ziggurat
 94938 | Zig:2    | Entered Level 2 of a ziggurat
 94961 | Zig:3    | Entered Level 3 of a ziggurat
 95011 | Zig:3    | Got a scorched iron amulet
 95016 | Zig:3    | Identified the amulet "Hisedom" {rC+ Regen+} (You found it on level 3 of a ziggurat)
 95020 | Zig:4    | Entered Level 4 of a ziggurat
 95058 | Zig:5    | Entered Level 5 of a ziggurat
 95111 | Zig:5    | Identified the amulet of Efafue {RegenMP rElec Str-3 Stlth+} (You found it on level 5 of a ziggurat)
 95201 | Zig:6    | Entered Level 6 of a ziggurat
 95278 | Zig:6    | Identified the +2 hat of Orthodoxy {rN++ Slay+3 Stlth-} (You found it on level 6 of a ziggurat)
 95345 | Zig:7    | Entered Level 7 of a ziggurat
 95472 | Zig:8    | Entered Level 8 of a ziggurat
 95480 | Zig:8    | Noticed a greater mummy
 95481 | Zig:8    | Noticed a greater mummy
 95499 | Zig:8    | Identified the ring "Reusykav" {rElec SInv} (You found it on level 8 of a ziggurat)
 95502 | Zig:9    | Entered Level 9 of a ziggurat
 95537 | Zig:9    | Reached ****** piety under Makhleb
 95600 | Zig:9    | Identified Viojaefy's Tome of Beguiling
 95601 | Zig:9    | Identified the Handbook of the Snowflakes
 95602 | Zig:9    | Identified Unaquw's Handbook of Fire and Evil Secrets
 95673 | Zig:10   | Entered Level 10 of a ziggurat
 95735 | Zig:10   | Identified the Compendium of Glacial Earth
 95776 | Zig:11   | Entered Level 11 of a ziggurat
 95880 | Zig:11   | Identified the ring "Lulog" {SustAt Str+2 Dex+4} (You found it on level 11 of a ziggurat)
 95922 | Zig:12   | Entered Level 12 of a ziggurat
 96002 | Zig:12   | Identified the +2 cloak of Parlour Games {MR+ Str+3 Int+3} (You found it on level 12 of a ziggurat)
 96018 | Zig:12   | Identified the ring of Xom's Malicious Joy {rCorr +Inv Int+5 Slay-3 Stlth+} (You found it on level 12 of a ziggurat)
 96042 | Zig:13   | Entered Level 13 of a ziggurat
 96112 | Zig:13   | Was forgiven by Okawaru
 96181 | Zig:13   | Identified the ring of Porut {rC+ Str+3 Dex+2 Slay+3 Stlth+} (You found it on level 13 of a ziggurat)
 96240 | Zig:14   | Entered Level 14 of a ziggurat
 96325 | Zig:14   | Identified Sif Muna's Guide on Blistering Malediction
 96382 | Zig:15   | Entered Level 15 of a ziggurat
 96485 | Zig:15   | Identified the +2 hat "Hemn" {rF- rN+ Regen+ Dex+8} (You found it on level 15 of a ziggurat)
 96587 | Zig:16   | Entered Level 16 of a ziggurat
 96658 | Zig:16   | Reached skill level 15 in Translocations
 96705 | Zig:16   | Identified the Catalogue of Displacement
 96711 | Zig:16   | Identified the ring of Pride {+Blink rPois Str+4 Slay+2} (You found it on level 16 of a ziggurat)
 96723 | Zig:16   | Learned a level 1 spell: Infusion
 96726 | Zig:16   | Learned a level 2 spell: Song of Slaying
 96730 | Zig:16   | Learned a level 3 spell: Spectral Weapon
 96737 | Zig:17   | Entered Level 17 of a ziggurat
 96905 | Zig:18   | Entered Level 18 of a ziggurat
 97019 | Zig:18   | Gained mutation: Your movements are slightly less encumbered by armour. (ER -2) [potion of beneficial mutation]
 97111 | Depths:1 | Bought an Akashic Record for 2428 gold pieces
 97120 | Depths:1 | Learned a level 8 spell: Controlled Blink
 97199 | Pan      | Entered Pandemonium
 97220 | Pan      | Noticed Turrobb the pandemonium lord
 97246 | Pan      | Killed Turrobb the pandemonium lord
 97311 | Pan      | Noticed Yheisk the pandemonium lord
 97334 | Pan      | Killed Yheisk the pandemonium lord
 97522 | Pan      | Noticed Wogycos the pandemonium lord
 97529 | Pan      | Killed Wogycos the pandemonium lord
 97623 | Pan      | Noticed Magha the pandemonium lord
 97733 | Pan      | Killed Magha the pandemonium lord
 97780 | Pan      | Got a demonic rune of Zot
 98207 | Pan      | Noticed Areziv the pandemonium lord
 98240 | Pan      | Killed Areziv the pandemonium lord
 98264 | Pan      | Gained mutation: You are partially covered in slimy green scales. (AC +2) [a neqoxec]
 98275 | Pan      | Found a runed door.
 98352 | Pan      | Gained mutation: You regenerate slowly when monsters are visible. [a neqoxec]
 98355 | Pan      | Gained mutation: Your muscles are strong. (Str +2) [a neqoxec]
 98581 | Pan      | Found an exit through the horrors of the Abyss.
 98642 | Pan      | Lost mutation: Your muscles are strong. (Str +2) [a cacodemon]
 98669 | Pan      | Noticed Ruth the pandemonium lord
 98676 | Pan      | HP: 10/211 [sun demon (6)]
 98690 | Pan      | Killed Ruth the pandemonium lord
 98929 | Pan      | Gained mutation: You are frail. (-10% HP) [a cacodemon]
 98957 | Pan      | Found an exit through the horrors of the Abyss.
 99162 | Pan      | Noticed Zoebrec the pandemonium lord
 99175 | Pan      | Killed Zoebrec the pandemonium lord
 99265 | Pan      | Identified the cursed ring "Kogeh" {rElec rC- rN+++ EV-2 Int+2} (You found it in Pandemonium)
 99318 | Pan      | Gained mutation: You are clumsy. (Dex -2) [a cacodemon]
 99330 | Pan      | Gained mutation: You occasionally shout uncontrollably at your foes. [a cacodemon]
 99599 | Pan      | Found an exit through the horrors of the Abyss.
 99698 | Pan      | Gained mutation: Your magical capacity is low. (-10% MP) [a cacodemon]
 99700 | Pan      | Lost mutation: You regenerate slowly when monsters are visible. [a cacodemon]
 99769 | Pan      | Gained mutation: Your spells are a little easier to cast, but a little less powerful. [a neqoxec]
 99835 | Pan      | Found an exit through the horrors of the Abyss.
 99961 | Pan      | Noticed Wyxyoci the pandemonium lord
 99983 | Pan      | Killed Wyxyoci the pandemonium lord
100028 | Pan      | Entered the realm of Gloorx Vloq.
100156 | Pan      | Noticed Gloorx Vloq
100163 | Pan      | Killed Gloorx Vloq
100242 | Pan      | Got a dark rune of Zot
100378 | Pan      | Identified the +7 great sword of Efein {slice, rPois rF+ Dex+3} (You found it in Pandemonium)
100401 | Pan      | Found an exit through the horrors of the Abyss.
100428 | Pan      | Gained mutation: You are very dopey. (Int -4) [a cacodemon]
100429 | Pan      | Found an exit through the horrors of the Abyss.
100438 | Pan      | Gained mutation: Armour fits poorly on your strangely shaped body. [a cacodemon]
100441 | Pan      | Gained mutation: Your magical capacity is very low. (-20% MP) [a cacodemon]
100466 | Pan      | Entered the realm of Mnoleg.
100522 | Pan      | Lost mutation: You occasionally shout uncontrollably at your foes. [a neqoxec]
100558 | Pan      | Noticed Mnoleg
100566 | Pan      | Killed Mnoleg
100585 | Pan      | Gained mutation: Potions and wands are less effective at restoring your health. [a neqoxec]
100588 | Pan      | Gained mutation: You are very frail. (-20% HP) [a neqoxec]
100646 | Pan      | Gained mutation: Your magical capacity is extremely low. (-30% MP) [a neqoxec]
100667 | Pan      | Lost mutation: You are very frail. (-20% HP) [mutagenic meat]
100683 | Pan      | Lost mutation: You are clumsy. (Dex -2) [mutagenic meat]
100687 | Pan      | Gained mutation: Your spells are easier to cast, but less powerful. [mutagenic meat]
100699 | Pan      | Gained mutation: You are partially covered in molten scales. (AC +2) [mutagenic meat]
100711 | Pan      | Got a glowing rune of Zot
100847 | Pan      | Found an exit through the horrors of the Abyss.
100887 | Pan      | Found a glowing golden altar of the Shining One.
100887 | Pan      | Noticed a seraph
101451 | Pan      | Entered the realm of Lom Lobon.
101617 | Pan      | Noticed Lom Lobon
101653 | Pan      | Killed Lom Lobon
101741 | Pan      | Got a magical rune of Zot
102045 | Pan      | Entered the realm of Cerebov.
102458 | Pan      | Identified a +3 rod of shadows (13/13) (You found it in Pandemonium)
102542 | Pan      | Identified a +2 rod of clouds (14/14) (You found it in Pandemonium)
102627 | Pan      | Noticed Cerebov
103138 | Pan      | Found an exit through the horrors of the Abyss.
103638 | Pan      | Lost mutation: Your magical capacity is extremely low. (-30% MP) [potion of cure mutation]
103638 | Pan      | Lost mutation: Armour fits poorly on your strangely shaped body. [potion of cure mutation]
103638 | Pan      | Lost mutation: Your spells are easier to cast, but less powerful. [potion of cure mutation]
103638 | Pan      | Lost mutation: Your magical capacity is very low. (-20% MP) [potion of cure mutation]
103638 | Pan      | Lost mutation: You are partially covered in slimy green scales. (AC +2) [potion of cure mutation]
103639 | Pan      | Lost mutation: Your magical capacity is low. (-10% MP) [potion of cure mutation]
103639 | Pan      | Lost mutation: You are frail. (-10% HP) [potion of cure mutation]
103639 | Pan      | Lost mutation: Your spells are a little easier to cast, but a little less powerful. [potion of cure mutation]
103694 | Pan      | Killed Cerebov
103731 | Pan      | Identified the Disquisition on Hurtful Lightness
103773 | Pan      | Got a fiery rune of Zot
103918 | Pan      | Took an exit into the Abyss.
103918 | Abyss:1  | Escaped into the Abyss
103923 | Abyss:1  | Found a shadowy altar of Dithmenos.
104018 | Abyss:3  | Found a sparkling altar of Nemelex Xobeh.
104050 | Abyss:3  | Found a sparkling altar of Nemelex Xobeh.
104117 | Abyss:3  | Gained mutation: Armour fits poorly on your strangely shaped body. [a cacodemon]
104119 | Abyss:3  | Gained mutation: Scrolls take you a little longer to read. [a cacodemon]
104128 | Abyss:3  | Gained mutation: You occasionally shout uncontrollably at your foes. [a cacodemon]
104199 | Abyss:3  | Lost mutation: You occasionally shout uncontrollably at your foes. [a shining eye]
104241 | Abyss:3  | Got an abyssal rune of Zot
104258 | Depths:3 | Escaped the Abyss
104329 | Hell     | Found a gateway to the Iron City of Dis.
104338 | Dis:1    | Entered Level 1 of the Iron City of Dis
105406 | Dis:7    | Entered Level 7 of the Iron City of Dis
105406 | Dis:7    | Noticed the Serpent of Hell
106028 | Dis:7    | Reached skill level 27 in Dodging
106154 | Dis:7    | Noticed Dispater
106327 | Dis:7    | Upgraded the game from 0.19-a0-1100-g56b2fe9 to 0.19-a0-1109-g16db51f
107130 | Dis:7    | Killed Dispater
107132 | Dis:7    | Got a crude brass ring
107135 | Dis:7    | Identified the ring of Tegodihu {rF+ rC++} (You took it off Dispater on level 7 of the Iron City of Dis)
107161 | Dis:7    | Got an iron rune of Zot
107265 | Hell     | Upgraded the game from 0.19-a0-1109-g16db51f to 0.19-a0-1111-gcceb26a
107312 | Tar:1    | Entered Level 1 of Tartarus
108187 | Tar:7    | Entered Level 7 of Tartarus
108385 | Tar:7    | Reached skill level 10 in Spellcasting
108520 | Tar:7    | Noticed Ereshkigal
108624 | Tar:7    | Killed Ereshkigal
108756 | Tar:7    | Got a bone rune of Zot
108985 | Geh:1    | Entered Level 1 of Gehenna
109596 | Geh:7    | Entered Level 7 of Gehenna
110040 | Geh:7    | Noticed Asmodeus
110052 | Geh:7    | Killed Asmodeus
110063 | Geh:7    | Got an obsidian rune of Zot
110103 | Geh:7    | Identified the +1 great sword "Cekleup" {drain, +Inv rF+ Str+3 Dex+4} (You found it on level 7 of Gehenna)
110313 | Coc:1    | Entered Level 1 of Cocytus
110386 | Coc:1    | Lost mutation: You are very dopey. (Int -4) [potion of cure mutation]
110386 | Coc:1    | Lost mutation: Potions and wands are less effective at restoring your health. [potion of cure mutation]
110386 | Coc:1    | Lost mutation: Armour fits poorly on your strangely shaped body. [potion of cure mutation]
110386 | Coc:1    | Lost mutation: Scrolls take you a little longer to read. [potion of cure mutation]
110386 | Coc:1    | Lost mutation: You are partially covered in molten scales. (AC +2) [potion of cure mutation]
110635 | Coc:7    | Entered Level 7 of Cocytus
111129 | Coc:7    | Identified the Catalogue of Feathery Enhancements
111388 | Coc:7    | Noticed Antaeus
111413 | Coc:7    | Killed Antaeus
111437 | Coc:7    | Got an icy rune of Zot
111903 | Tomb:1   | Entered Level 1 of the Tomb of the Ancients
112054 | Tomb:1   | Noticed a greater mummy
112057 | Tomb:1   | Noticed a greater mummy
112075 | Tomb:1   | Killed a greater mummy
112210 | Tomb:1   | Killed a greater mummy
112395 | Tomb:2   | Noticed a greater mummy
112395 | Tomb:2   | Noticed a greater mummy
112395 | Tomb:2   | Noticed a greater mummy
112396 | Tomb:2   | Noticed a greater mummy
112423 | Tomb:2   | Killed a greater mummy
112433 | Tomb:1   | Killed a greater mummy
112433 | Tomb:1   | Reached skill level 27 in Fighting
112436 | Tomb:1   | Killed a greater mummy
112456 | Tomb:2   | Killed a greater mummy
112621 | Tomb:1   | Noticed a greater mummy
112626 | Tomb:1   | Noticed a greater mummy
112627 | Tomb:1   | Noticed a greater mummy
112627 | Tomb:1   | Killed a greater mummy
112629 | Tomb:1   | Noticed a greater mummy
112638 | Tomb:1   | Killed a greater mummy
112641 | Tomb:1   | Killed a greater mummy
112642 | Tomb:1   | Killed a greater mummy
112692 | Tomb:1   | Noticed a greater mummy
112698 | Tomb:1   | Killed a greater mummy
112770 | Tomb:1   | Noticed a greater mummy
112778 | Tomb:1   | Killed a greater mummy
112813 | Tomb:1   | Noticed a greater mummy
112824 | Tomb:1   | Killed a greater mummy
112890 | Tomb:1   | Noticed a greater mummy
112899 | Tomb:1   | Killed a greater mummy
112906 | Tomb:1   | Noticed a greater mummy
112917 | Tomb:1   | Killed a greater mummy
112926 | Tomb:1   | Noticed a greater mummy
112932 | Tomb:1   | Noticed a greater mummy
112933 | Tomb:1   | Killed a greater mummy
112944 | Tomb:1   | Killed a greater mummy
112965 | Tomb:1   | Noticed a greater mummy
112975 | Tomb:1   | Killed a greater mummy
112977 | Tomb:1   | Noticed a greater mummy
112984 | Tomb:1   | Killed a greater mummy
112985 | Tomb:1   | Noticed a greater mummy
112992 | Tomb:1   | Killed a greater mummy
113126 | Tomb:1   | Noticed a greater mummy
113134 | Tomb:1   | Killed a greater mummy
113231 | Tomb:1   | Noticed a greater mummy
113240 | Tomb:1   | Killed a greater mummy
113245 | Tomb:1   | Noticed a greater mummy
113254 | Tomb:1   | Killed a greater mummy
113464 | Tomb:3   | Entered Level 3 of the Tomb of the Ancients
113627 | Tomb:3   | Noticed a greater mummy
113639 | Tomb:3   | Noticed a greater mummy
113643 | Tomb:3   | Killed a greater mummy
113644 | Tomb:3   | Noticed a greater mummy
113645 | Tomb:3   | Noticed an ancient lich
113648 | Tomb:3   | Noticed a greater mummy
113651 | Tomb:3   | Noticed a greater mummy
113777 | Tomb:2   | Killed an ancient lich
113959 | Tomb:3   | Noticed a greater mummy
113962 | Tomb:3   | Killed a greater mummy
113966 | Tomb:2   | Killed a greater mummy
113972 | Tomb:2   | Killed a greater mummy
114066 | Tomb:3   | Killed a greater mummy
114068 | Tomb:3   | Killed a greater mummy
114068 | Tomb:3   | Reached skill level 27 in Evocations
114137 | Tomb:3   | Noticed a greater mummy
114139 | Tomb:3   | Noticed a greater mummy
114144 | Tomb:3   | Gained mutation: You are somewhat resistant to further mutation. [a neqoxec]
114152 | Tomb:3   | Killed a greater mummy
114158 | Tomb:3   | Killed a greater mummy
114466 | Tomb:3   | Identified the Volume of Earthen Aid
114487 | Tomb:3   | Identified the ring of the Trout {rElec rPois rF- rN+ Str+2 Stlth+} (You found it on level 3 of the Tomb of the Ancients)
114490 | Tomb:3   | Identified the amulet of the Cicada {+Rage rElec Dex+3} (You found it on level 3 of the Tomb of the Ancients)
114532 | Tomb:3   | Got a golden rune of Zot
115325 | Zot:5    | Entered Level 5 of the Realm of Zot
115610 | Zot:5    | Noticed an ancient lich
115612 | Zot:5    | Noticed an ancient lich
115681 | Zot:5    | Noticed an ancient lich
115688 | Zot:5    | Noticed an orb of fire
115691 | Zot:5    | Killed an ancient lich
115715 | Zot:5    | Killed an orb of fire
115718 | Zot:5    | Noticed an orb of fire
115738 | Zot:5    | Killed an orb of fire
115757 | Zot:5    | Noticed an ancient lich
115771 | Zot:5    | Killed an ancient lich
115848 | Zot:5    | Killed an ancient lich
115860 | Zot:5    | Noticed an orb of fire
115866 | Zot:5    | Noticed an orb of fire
115871 | Zot:5    | Gained mutation: Your body sometimes deteriorates upon taking damage. [an orb of fire]
115877 | Zot:5    | Killed an orb of fire
115892 | Zot:5    | Killed an orb of fire
115895 | Zot:5    | Noticed an orb of fire
115913 | Zot:5    | Killed an orb of fire
115919 | Zot:5    | Got the Orb of Zot
115993 | Zot:5    | Noticed Xanuod the pandemonium lord
116163 | Depths:5 | Gained mutation: You are weak. (Str -2) [mutagenic glow]
116398 | D:11     | Gained mutation: You are clumsy. (Dex -2) [mutagenic glow]
116499 | D:5      | Gained mutation: Your body often deteriorates upon taking damage. [mutagenic glow]
116586 | D:$      | Escaped with the Orb!

Vault maps used:
D:1:      arrival_aquarium_a
D:2:      uniq_terence, uniq_crazy_yiuf_cottage
D:3:      minmay_randomly_rotated_circles
D:4:      first_bread, nicolae_ossuary_entry_giza
D:5:      serial_shops, shop, uniq_eustachio
D:6:      serial_shops, kennysheep_little_box, kennysheep_nub, uniq_edmund,
          uniq_prince_ribbit1, uniq_menkaure
D:8:      elyvilon_altar_4, grunt_pizzeria
D:9:      serial_shops, kennysheep_mini
D:10:     mumra_celtic_spiral_tile, dpeg_oklobed_lair, orc_david_3, basic_altar,
          uniq_harold
D:11:     wad_scary_box, uniq_urug
D:13:     erik_vaults_1, serial_shops, shop_fountains
D:14:     minivault_4, tgw_xom, uniq_nessos
D:15:     grunt_enter_depths_giant_problem, basic_altar, serial_bayou_lagoon_a,
          uniq_josephine
Temple:   kilobyte_greek_temple
Lair:1:   grunt_megastairs_5, serial_bayou_shore_a
Lair:2:   shoals_dummy_entry
Lair:3:   dummy_spider_entry, lemuel_old_faithful, infiniplex_staircase_pool
Lair:4:   grunt_megastairs_4
Lair:5:   minmay_slime_entry_pillars, infiniplex_staircase_pool_2
Lair:6:   gammafunk_lair_ancient_temple, roderic_batcave
Shoals:2: serial_shops, shop, lemuel_centaur_altar
Shoals:4: shoals_end_grunt_ice, shoal_ilsuiw, lightli_airlock
Spider:1: spider_trap
Spider:3: uniq_mara, uniq_azrael, uniq_arachne
Spider:4: spider_rune_water, spider_trap
Slime:3:  basic_altar
Slime:4:  nicolae_slime_welcoming_committee
Orc:2:    st_orc_elflike, uniq_saint_roka
Elf:1:    minmay_elf_arrival_circle, evilmike_minifort, uniq_kirke
Elf:3:    grunt_elf_hall_diamonds, uniq_donald
Vaults:1: hangedman_vaults_stitches, vaults_room_grunt_arrival_ludios,
          vaults_room_fancy_cross, v_misc_3, vaults_room_fours,
          ontoclasm_vaults_ring_small, v_misc_33, hangedman_vaults_locks,
          st_spiral_rooms
Vaults:2: vaults_mumra_lcd, v_rooms_3, ontoclasm_vaults_shuriken,
          vaults_room_corners, nicolae_vaults_hallways_thing,
          nicolae_vaults_windows_and_doors_thing, v_misc_23, v_misc_30,
          vaults_dpeg_hooks, nicolae_vaults_network_square, serial_ice_b,
          vaults_room_fours, nicolae_vaults_display_case, serial_shops, shop,
          uniq_jorgrun
Vaults:3: v_alt_pattern_2, nicolae_vaults_border_crossing,
          nicolae_vaults_twisting_passages, nicolae_vaults_what_the_h,
          nicolae_vaults_network_barrier, minmay_crypt_entry_nasty_monster,
          v_misc_32, v_misc_8, ontoclasm_vaults_ring_square, vaults_dpeg_ring,
          v_alt_pattern_4, vaults_dpeg_encased_lava
Vaults:4: vaults_mumra_minichess, vaults_dpeg_doors, v_rooms_6,
          vaults_standard_mumra_x, grunt_vaults_swirl,
          nicolae_vaults_little_squares_4, vaults_room_door_ring,
          hangedman_vaults_nails, v_misc_27, special_room_vaults, uniq_aizul
Vaults:5: serial_shops, uniq_margery
Crypt:1:  minmay_misc_feat_alley, minigarden_bobbens
Crypt:2:  uniq_mennas
Crypt:3:  grunt_crypt_end_deaths_head
Tomb:2:   uniq_jory
Depths:1: enter_ziggurat_b, grunt_hell_entry_dis_grunt, serial_shops,
          nicolae_shop_behind_doors, nicolae_trove_entry_columns,
          kennysheep_nondescript, grunt_ministairs_2, guppyfry_shop_venom
Depths:2: hangedman_hanging_gardens, pf_vacation_house_of_asmodeus, hex_tiny,
          uniq_sojobo
Depths:3: kennysheep_cluttered_fort, pan_entry, hell_entry,
          minmay_room_of_horrors, minmay_misc_feat_encased,
          hangedman_glass_teeth
Depths:4: minmay_containers, minmay_misc_feat_five, hangedman_coc_ice_floe,
          abyss_entry, minmay_shop_grove, minmay_staircase_bubble
Depths:5: grunt_x_marks_the_spot, hell_entry, hangedman_abyss_or_decor_slice,
          serial_shops, shop
Dis:1:    nicolae_dis_hell_towers, grunt_megastairs_3
Dis:5:    grunt_dis_stairs_iron_hall
Dis:6:    kennysheep_iron_temple, hangedman_dis_decor_tower
Dis:7:    dis_grunt_layers
Geh:5:    lemuel_flamethrower_2
Geh:7:    geh_old
Coc:7:    coc_hangedman
Tar:1:    hangedman_tartarus_silent_blood_keep, nicolae_tar_cuneiform_two
Tar:4:    nicolae_tar_cuneiform_to_be
Tar:6:    nicolae_tar_cuneiform_two
Tar:7:    tar_grunt_cathedral
Zot:2:    lemuel_draconian_sentries_small, grunt_megastairs_2
Zot:3:    grunt_zot_stairs_faceoff, bh_zot_ikea_curve
Abyss:2:  hangedman_elemental_corridor, evilmike_abyss_exit_5
Abyss:3:  hangedman_abyss_rune_macabre_mess
Pan:      nicolae_pan_double_arrow, pan_blood_fountain, rand_demon_1,
          grunt_pan_zigzag, grunt_pan_frozen_over, nicolae_pan_diamonds,
          evilmike_mini_pan_V, nicolae_pan_double_arrow, pan_disco_hall,
          evilmike_mini_pan_pillars, pan_blood_fountain,
          regret_index_pan_draining_boxed, evilmike_mini_pan_3x3,
          pan_blood_fountain_2, evilmike_mini_pan_T, pan_blood_fountain_small,
          evilmike_mini_pan_doors, grunt_pan_sceptre, pan_blood_fountain,
          evilmike_mini_pan_layers, evilmike_mini_pan_corner,
          nicolae_pan_lom_lobonic_4, evilmike_mini_pan_diamond,
          nicolae_pan_mnolegish_5, rand_demon_5, evilmike_mini_pan_corner,
          grunt_pan_in_and_out, nicolae_pan_glass_arcs,
          evilmike_mini_pan_branches, grunt_pan_sceptre, gloorx_vloq_st,
          nicolae_pan_sick_transit, rand_demon_9, mnoleg_grunt_wretched_star,
          rand_demon_4, evilmike_holy_pan, rand_demon_9, lom_lobon_spiral_st,
          pan_blood_fountain_small, evilmike_mini_pan_V, pan_blood_fountain,
          lemuel_hall_of_pain, special_room, pan_blood_fountain_2,
          evilmike_mini_pan_pillars_b, evilmike_mini_pan_doors_b, cerebov_st
Zig:2:    ziggurat_loot_3
Zig:3:    ziggurat_pillar_centre_c
Zig:11:   ziggurat_pillar_centre_smoke
Zig:13:   ziggurat_pillar_centre_oklobs
Zig:15:   ziggurat_pillar_centre_dead_trees
Trove:    trove_misc_throne_room
Ossuary:  ossuary_tomb_3

Skill      XL: |  1  2  3  4  5  6  7  8  9 10 11 12 13 14 15 16 17 18 19 20 21 22 23 24 25 26 27 |
---------------+----------------------------------------------------------------------------------+-----
Long Blades    | 3 4 5 6 7 9 10 12 15 16 19 21 22 24 26 | 26.3
Dodging        | 3 4 5 7 8 10 11 13 15 17 18 19 20 21 22 27 | 27.0
Invocations    | 2 4 6 14 | 14.9
Armour         | 4 5 10 13 14 15 16 26 | 26.0
Fighting       | 5 7 8 11 13 14 16 17 18 20 21 22 23 27 | 27.0
Shields        | 4 |  4.3
Translocations | 5 7 8 9 25 | 25.6
Evocations     | 5 8 10 11 13 15 16 27 | 27.0
Charms         | 6 12 14 16 | 16.9
Spellcasting   | 5 7 10 | 10.0
Air Magic      | 5 |  5.0
Throwing       | |  1.0

Action                   |  1- 3 |  4- 6 |  7- 9 | 10-12 | 13-15 | 16-18 | 19-21 | 22-24 | 25-27 || total
-------------------------+-------+-------+-------+-------+-------+-------+-------+-------+-------++-------
Melee: Falchion          |   193 |   175 |   590 |  1062 |       |       |       |       |       ||  2020
       Punch             |       |       |     2 |     5 |       |       |       |       |       ||     7
       Demon blade       |       |       |       |   288 |    86 |       |       |       |       ||   374
       Scimitar          |       |       |       |       |  2262 |  1853 |       |       |       ||  4115
       Double sword      |       |       |       |       |       |  1124 |  2795 |  2833 |  1513 ||  8265
       Triple sword      |       |       |       |       |       |       |       |       |  9358 ||  9358
       Flamberge         |       |       |       |       |       |       |       |       |    60 ||    60
Throw: Tomahawk          |     2 |    28 |       |       |       |       |       |       |       ||    30
 Cast: Passage of Golubr |       |       |       |       |     7 |     7 |     2 |     5 |    16 ||    37
       Shroud of Golubri |       |       |       |       |     4 |    14 |    39 |     9 |    57 ||   123
       Blink             |       |       |       |       |     4 |     2 |     6 |     8 |    20 ||    40
       Repel Missiles    |       |       |       |       |       |     5 |    12 |    10 |    28 ||    55
       Haste             |       |       |       |       |       |     1 |     1 |     6 |    36 ||    44
       Regeneration      |       |       |       |       |       |       |       |       |   169 ||   169
       Infusion          |       |       |       |       |       |       |       |       |    22 ||    22
       Song of Slaying   |       |       |       |       |       |       |       |       |    17 ||    17
       Spectral Weapon   |       |       |       |       |       |       |       |       |    12 ||    12
       Controlled Blink  |       |       |       |       |       |       |       |       |     7 ||     7
Invok: Heroism           |       |       |     7 |    13 |    20 |    15 |    12 |     7 |     5 ||    79
       Finesse           |       |       |       |       |     4 |     5 |     1 |     4 |     2 ||    16
       Greater Servant o |       |       |       |       |       |       |       |       |     1 ||     1
 Abil: Evoke Berserk Rag |       |       |       |     1 |     1 |       |       |       |       ||     2
       Evoke Flight      |       |       |       |       |       |    12 |    16 |     2 |    13 ||    43
       Stop Flying       |       |       |       |       |       |       |       |       |     4 ||     4
Evoke: Wand              |       |    18 |     1 |    49 |     9 |    32 |     4 |    10 |    56 ||   179
       Lamp of fire      |       |       |       |       |     1 |     1 |     1 |     1 |       ||     4
       Rod               |       |       |       |       |       |     3 |    32 |    13 |   153 ||   201
       Fan of gales      |       |       |       |       |       |       |       |     1 |     1 ||     2
       Sack of spiders   |       |       |       |       |       |       |       |       |    11 ||    11
       Horn of Geryon    |       |       |       |       |       |       |       |       |     8 ||     8
       Phantom mirror    |       |       |       |       |       |       |       |       |     2 ||     2
  Use: Potion            |     2 |     6 |     1 |     3 |     7 |     6 |       |     6 |    31 ||    62
       Scroll            |     1 |     3 |     8 |    13 |     7 |    26 |    14 |    20 |    98 ||   190
 Stab: Sleeping          |       |     4 |     1 |     3 |     6 |       |       |       |       ||    14
       Distracted        |       |     2 |       |     1 |     1 |       |     1 |       |    19 ||    24
       Paralysed         |       |       |       |    14 |     9 |       |       |       |     3 ||    26
       Confused          |       |       |       |       |       |    17 |     4 |       |     3 ||    24
       Petrified         |       |       |       |       |       |       |     1 |       |       ||     1
       Held in net/web   |       |       |       |       |       |       |       |       |     1 ||     1
  Eat: Chunk             |     1 |     4 |     5 |    20 |    28 |    30 |    59 |    45 |    39 ||   231
       Bread ration      |     1 |     1 |     2 |     1 |     4 |     6 |     1 |     2 |    27 ||    45
       Beef jerky        |       |       |       |     1 |       |     1 |     1 |     2 |     6 ||    11
       Meat ration       |       |       |       |     1 |     2 |     2 |     1 |     1 |     7 ||    14
       Fruit             |       |       |       |       |     1 |       |       |     1 |     1 ||     3
       Royal jelly       |       |       |       |       |       |     1 |       |       |    10 ||    11
       Pizza             |       |       |       |       |       |       |       |       |     4 ||     4
Armor: Leather armour    |    33 |    19 |       |       |       |       |       |       |       ||    52
       Scale mail        |       |    10 |   206 |    75 |       |       |       |       |       ||   291
       Ring mail         |       |       |       |    84 |   362 |   542 |    20 |       |       ||  1008
       Ice dragon armour |       |       |       |       |       |       |   657 |   709 |  2582 ||  3948
Dodge: Dodged            |   106 |    67 |   268 |   551 |  1363 |  2205 |  1537 |  1644 |  7993 || 15734
       Deflected         |       |       |       |       |       |    20 |    78 |    64 |   217 ||   379
Block: Buckler           |       |       |       |   126 |   422 |   612 |   496 |   464 |   263 ||  2383
